 Dungeon Crawl Stone Soup version 0.21.1-1-g345015fe64 (webtiles) character file.

483 Norrik the Skirmisher (level 6, 0/60 HPs)
             Began as a Minotaur Monk on Mar 24, 2018.
             Slain by a bullfrog (4 damage)
             ... in a sewer.
             The game lasted 00:08:20 (3216 turns).

Norrik the Skirmisher (Minotaur Monk)               Turns: 3216, Time: 00:08:21

Health: 0/60       AC:  8    Str: 23    XL:     6   Next: 88%
Magic:  5/5        EV: 10    Int:  7    God:
Gold:   181        SH:  0    Dex: 12    Spells: 5/5 levels left

rFire    . . .     SeeInvis .   a - +0 spear
rCold    . . .     Gourm    .   (no shield)
rNeg     . . .     Faith    .   s - +0 chain mail
rPois    .         Spirit   .   (helmet restricted)
rElec    .         Reflect  .   (no cloak)
rCorr    .         Harm     .   (no gloves)
MR       .....                  (no boots)
Stlth    ..........             (no amulet)
HPRegen  0.20/turn              (no ring)
MPRegen  0.09/turn              (no ring)

@: mighty, about to teleport
A: retaliatory headbutt, horns 2
a: no special abilities


You were in a sewer.
You were not hungry.

You visited 1 branch of the dungeon, and saw 4 of its levels.
You also visited: Sewer.

You collected 181 gold pieces.

Inventory:

Hand Weapons
 a - a +0 spear (weapon)
Missiles
 d - 51 arrows
 e - 5 tomahawks (quivered)
 k - 229 stones
Armour
 b - a +0 robe
 s - a +0 chain mail (worn)
Wands
 u - a wand of iceblast (4)
Scrolls
 g - 4 scrolls of teleportation
 m - a scroll of random uselessness {unknown}
 o - 2 scrolls of remove curse {unknown}
 q - 3 scrolls of identify {unknown}
 r - 2 scrolls of amnesia {unknown}
Potions
 f - a potion of lignification {unknown}
 h - 2 potions of curing {unknown}
 i - 2 potions of agility {unknown}
 j - a potion of magic {unknown}
 l - a potion of might
 n - a potion of degeneration {unknown}
 p - 4 potions of heal wounds {unknown}
 t - a potion of flight {unknown}
Comestibles
 c - 7 rations
 v - 2 chunks of flesh


   Skills:
 + Level 7.1 Fighting
 - Level 3.6 Polearms
 + Level 6.5 Dodging
 - Level 1.5 Stealth


You had 5 spell levels left.
You didn't know any spells.

Dungeon Overview and Level Annotations

Branches:
Dungeon (4/15)
 Temple: D:4-7

Altars:
Dithmenos
Fedhas
Ru
Sif Muna
Trog
Xom

Shops:
D:4 %


Innate Abilities, Weirdness & Mutations

You reflexively headbutt those who attack you in melee.
You have a pair of horns on your head.


Message History

As you read the scroll labeled YLEINLU IZXA, it crumbles to dust.
You feel strangely unstable.
It was a scroll of teleportation.
The bullfrog hits you.
* * * LOW HITPOINT WARNING * * *
The bullfrog closely misses you. You furiously retaliate!
You headbutt the bullfrog! The ooze closely misses you.
The bullfrog barely misses you. You furiously retaliate!
You headbutt the bullfrog.
It was a potion of might.
You feel very mighty all of a sudden. The bullfrog barely misses you.
The bullfrog hits you.
* * * LOW HITPOINT WARNING * * *
The ooze hits you.
* * * LOW HITPOINT WARNING * * *
The bullfrog barely misses you.
You puncture the bullfrog!
You kill the bullfrog!
Your Fighting skill increases to level 7!
The bullfrog hits you.
You die...

#.≈#≈###≈≈# #≈≈##≈≈#
#≈.#≈#.≈≈##≈...≈≈≈##≈≈#≈≈#
#≈≈#.#∩.≈#≈≈≈≈.≈≈≈≈#≈≈#≈≈#
#†.#≈#≈≈≈#≈≈≈≈≈.≈≈≈#≈≈#≈≈#
#†≈#≈##≈.#.≈≈≈.?≈≈≈#≈≈#≈.#
#≈≈#≈†#≈.#≈≈.≈/$.≈≈#≈≈#≈≈#
#≈≈#.≈#≈.#.≈≈.(...≈#≈.#≈≈#
#≈≈≈≈.#..##FJ≈$.≈≈##≈≈#≈≈#
#≈≈≈≈.#.††≈@≈..≈≈≈#≈.##≈≈#
#.≈≈≈≈###≈≈≈≈≈≈≈≈##≈≈#≈≈.#
#######.###≈≈≈.≈##≈.≈#≈≈##
#.≈≈≈≈#######≈≈.##≈≈#
#≈≈†≈..≈.≈≈≈≈≈.≈#.≈≈#
##≈†##.≈≈≈≈≈≈†≈##≈≈##
##.≈##.≈≈≈≈.≈##≈≈≈#
#.≈≈###≈.≈###.≈≈≈#
#≈≈.≈.#####.≈≈≈≈##


You could see a bullfrog and an ooze.

Vanquished Creatures
  2 bullfrogs
  A scorpion (D:4)
  A worker ant (D:4)
  10 adders
  10 oozes
  4 worms
  18 leopard geckos
  5 orcs (D:3)
  13 ball pythons (Sewer)
  6 bats
  12 giant cockroaches
  2 goblins
  A hobgoblin (D:2)
  9 jackals
  7 kobolds
  5 quokkas
  12 frilled lizards
  A leopard gecko skeleton (D:4)
  8 rats
127 creatures vanquished.

Notes
Turn   | Place    | Note
-------+----------+-------------------------------------------
     0 | D:1      | Norrik the Minotaur Monk began the quest for the Orb.
     0 | D:1      | Reached XP level 1. HP: 19/19 MP: 0/0
   226 | D:1      | Reached skill level 4 in Fighting
   226 | D:1      | Reached XP level 2. HP: 26/27 MP: 1/1
   620 | D:2      | Noticed a bullfrog
   626 | D:2      | Killed a bullfrog
   626 | D:2      | Reached skill level 5 in Fighting
   626 | D:2      | Reached XP level 3. HP: 29/36 MP: 2/2
   626 | D:2      | Reached XP level 4. HP: 34/42 MP: 3/3
   643 | D:2      | Found a shimmering altar of Xom.
   899 | D:2      | Found a deep blue altar of Sif Muna.
   922 | D:2      | Found a blossoming altar of Fedhas.
  1083 | D:2      | Found a sacrificial altar of Ru.
  1147 | D:2      | Found a shadowy altar of Dithmenos.
  1380 | D:2      | Found a bloodstained altar of Trog.
  1719 | D:3      | Reached skill level 5 in Dodging
  1829 | D:3      | Reached XP level 5. HP: 46/48 MP: 4/4
  2331 | D:4      | Found Yboel's Food Emporium.
  2511 | D:4      | Reached skill level 6 in Fighting
  2548 | D:4      | Found a glowing drain.
  2553 | Sewer    | Entered a sewer
  2723 | Sewer    | Reached XP level 6. HP: 53/57 MP: 5/5
  3216 | Sewer    | Reached skill level 7 in Fighting
  3216 | Sewer    | Slain by a bullfrog

Skill      XL: |  1  2  3  4  5  6 |
---------------+-------------------+-----
Fighting       | 4 5 6 7 |  7.1
Dodging        | 4 5 6 |  6.5
Polearms       | |  3.6
Stealth        | |  1.5

Action                   |  1- 3 |  4- 6 || total
-------------------------+-------+-------++-------
Melee: Spear             |    23 |   323 ||   346
       Headbutt          |     4 |    54 ||    58
Throw: Tomahawk          |       |     5 ||     5
  Use: Scroll            |       |     1 ||     1
       Potion            |       |     1 ||     1
 Stab: Sleeping          |     4 |     2 ||     6
  Eat: Chunk             |       |     8 ||     8
Armor: Robe              |     1 |     3 ||     4
       Chain mail        |       |   160 ||   160
Dodge: Dodged            |    11 |   149 ||   160
